 Dungeon Crawl Stone Soup version 0.29.1-12-g30fa7ad0bf (webtiles) character file.

Game seed: 16306983082874067933

4088 sizableburger the Magician (level 10, -33/67 HPs)
             Began as a Mummy Ice Elementalist on Jan 1, 2023.
             Was a Believer of Fedhas.
             Killed by an exploding bullfrog zombie (57 damage)
             ... ignited by their inner flame
             ... in a bailey on Jan 3, 2023.
             The game lasted 00:26:58 (8509 turns).

sizableburger the Magician (Mummy Ice Elementalist) Turns: 8509, Time: 00:27:00

Health: -33/67     AC:  3    Str: 12    XL:     10   Next: 5%
Magic:  4/20       EV: 13    Int: 24    God:    Fedhas [**....]
Gold:   299        SH:  0    Dex: 13    Spells: 3/23 levels left

rFire   x . .      SeeInvis .   k - +8 Vampire's Tooth {vamp}
rCold   + + .      Faith    .   (no shield)
rNeg    + + +      Spirit   .   a - +1 robe
rPois   ∞          Reflect  .   (no helmet)
rElec   .          Harm     .   (no cloak)
rCorr   .          Rampage  .   (no gloves)
Will    +....                   (no boots)
Stlth   ++........              (no amulet)
HPRegen 0.21/turn               i - +6 ring of intelligence
MPRegen 0.17/turn               o - ring of protection from cold

@: animating dead
A: cold resistance 1, negative energy resistance 3, torment resistance 2, heat
vulnerability 1, in touch with death 1, no potions
a: Renounce Religion, Wall of Briars


You were in a bailey.
You worshipped Fedhas.
Fedhas was pleased with you.
You visited 2 branches of the dungeon, and saw 8 of its levels.
You also visited: Bailey.

You collected 299 gold pieces.

Inventory:

Hand Weapons
 c - a +2 dagger of venom
 k - the +8 Vampire's Tooth (weapon) {vamp}
   (You acquired it on level 5 of the Dungeon)

   It occasionally heals its wielder for the full amount of damage dealt when it
   wounds a living foe.
 r - a +2 short sword of draining
 v - the +4 dagger "Morg" {pain, Will+ Int+5}
   (You found it on level 5 of the Dungeon)

   In the hands of one skilled in necromantic magic, it inflicts extra damage on
   living creatures.
   Int:       It affects your intelligence (+5).
   Will:      It increases your willpower.
Armour
 a - a +1 robe (worn)
Jewellery
 h - a ring of flight
 i - a +6 ring of intelligence (left hand)
 o - a ring of protection from cold (right hand)
 p - a ring of protection from cold
 q - a ring of resist corrosion
 u - an amulet of regeneration
Wands
 m - a wand of roots (3)
Scrolls
 b - 2 scrolls of teleportation
 d - a scroll of fog {unknown}
 e - 3 scrolls of blinking
 g - a scroll of fear {unknown}
 l - a scroll of enchant weapon
 n - 2 scrolls of amnesia


   Skills:
 - Level 2.0 Fighting
 + Level 6.6 Short Blades
 - Level 3.6 Dodging
 - Level 1.5 Stealth
 - Level 7.0 Spellcasting
 - Level 3.1 Conjurations
 - Level 2.8 Necromancy
 - Level 5.0 Ice Magic
 + Level 4.8 Air Magic
 - Level 3.1 Invocations


You had 3 spell levels left.
You knew the following spells:

 Your Spells              Type           Power      Damage    Failure   Level
a - Freeze                Ice            100%       1d11      1%          1
b - Frozen Ramparts       Ice            64%        1d10      2%          3
c - Ozocubu's Armour      Ice            32%        N/A       2%          3
d - Hailstorm             Conj/Ice       27%        3d7       14%         4
e - Lightning Bolt        Conj/Air       13%        1d27      36%         5
f - Animate Dead          Necr           33%        N/A       22%         4

Your spell library contained the following spells:

 Spells                   Type           Power      Damage    Failure   Level
 Static Discharge         Conj/Air       27%        3-7/arc   2%          2
 Summon Small Mammal      Summ           32%        N/A       7%          1
 Call Canine Familiar     Summ           8%         N/A       22%         3
 Summon Guardian Golem    Hex/Summ       8%         N/A       22%         3
 Haunt                    Necr/Summ      11%        N/A       100%        7
 Infestation              Necr           16%        N/A       100%        8
 Maxwell's Capacitive Co  Air            15%        ∞         100%        8


Dungeon Overview and Level Annotations

Branches:
Dungeon (7/15)             Temple (1/1) D:4          Bailey (1/1)

Altars:
Dithmenos
Fedhas
Gozag
Hepliaklqana
Makhleb
Nemelex Xobeh
Okawaru
Ru
Sif Muna
Trog
Xom
Yredelemnul

Shops:
D:3 =


Innate Abilities, Weirdness & Mutations

You are immune to poison.
Your flesh is cold resistant. (rC+)
You are immune to negative energy. (rN+++)
You are immune to unholy pain and torment.
You are vulnerable to heat. (rF-)
You are in touch with the powers of death.
You do not drink.


Message History

Aim: an orc warrior, wielding a +0 hand axe, wearing a +0 ring mail and quivering stones (almost dead, unusually resistant, constricted by roots, ally target)
You freeze the orc warrior.
The orc warrior resists.
The orc warrior is almost dead.
The grasping roots constrict the orc warrior.
You kill the orc warrior!
Fedhas appreciates your contribution to the ecosystem.
You hear a splash. x4
The grasping roots constrict the vault guard.
The roots release their grip on the vault guard.
The dead are walking!
The vault guard looks even sicker.
Okay, then.
Your frozen ramparts will break if you move.
Continue?
You swap places.
The frozen ramparts melt away as you move.
The vault guard hits your bullfrog zombie with a +0 broad axe!
The vault guard hits your orc warrior zombie with a +0 broad axe!
Your bullfrog zombie barely misses the vault guard.
As you read the scroll labelled RUIFAEDDURCHIRR, it crumbles to dust.
It is a scroll of enchant armour.
Your +0 robe glows green for a moment.
Your bullfrog zombie hits the vault guard but does no damage.
The vault guard hits your bullfrog zombie with a +0 broad axe!!
The vault guard hits your orc warrior zombie with a +0 broad axe.
Your orc warrior zombie hits the vault guard but does no damage.
Really read the scroll of immolation?
As you read the scroll of immolation, it crumbles to dust.
The creatures around you are filled with an inner flame!
Your bullfrog zombie barely misses the vault guard.
The vault guard hits your bullfrog zombie with a +0 broad axe!!
The vault guard hits your orc warrior zombie with a +0 broad axe.
Flame seeps out of your orc warrior zombie.
Your bullfrog zombie explodes!
The fiery explosion engulfs your orc warrior zombie!!
The fiery explosion engulfs the vault guard!
Flame seeps out of the vault guard.
The vault guard is moderately wounded.
The fiery explosion engulfs you!!! The fire burns you terribly!
Ouch! That really hurt!
You die...
Fedhas appreciates your contribution to the ecosystem.

###≈~~~....~≈
##.#≈~§○°§§§°#
##..##≈~○☼§.○§#
##....#≈~≈§☼☼☼°#
#.....## #☼§~§##
#......####§○§☼§#
#......'..#≈☼p§≈#
###'####..###§###
##~~~##...#§§@§§#
#~~~~~#...#§§○○°#
#~~~~~#)..####§☼#
#~~~~÷#)).†#..§§#
##~~#+#'#†....§##
####)[.##....##
#.....######
#.∩.∩.# #.....#


You could see a vault guard (inner flame, very poisoned).

Vanquished Creatures
  A vault guard (Bailey)
  Prince Ribbit (Bailey)
  5 humans (Bailey)
  2 water moccasins
  An orc warrior (Bailey)
  3 ice beasts
  An ogre (D:7)
  2 phantoms
  9 bullfrogs (Bailey)
  A necrophage (D:5)
  A spectral water moccasin (D:5)
  2 scorpions
  4 wights (D:5)
  A howler monkey (D:6)
  4 hounds
  3 jellies (D:6)
  2 orc priests (D:3)
  3 iguanas
  A scorpion zombie (D:5)
  2 orc wizards
  A centaur simulacrum (D:5)
  A hound zombie (D:5)
  12 gnolls
  5 adders
  An orc zombie (Bailey)
  A white imp (D:5)
  2 worms
  4 dart slugs
  14 orcs
  6 ball pythons
  7 bats
  6 endoplasms
  12 goblins
  7 hobgoblins
  6 quokkas
  5 frilled lizards
  7 kobolds
  7 rats
153 creatures vanquished.

Vanquished Creatures (others)
  A bullfrog zombie (Bailey)
  18 withered plants (D:5)
19 creatures vanquished.

Grand Total: 172 creatures vanquished

Notes
Turn   | Place    | Note
-------+----------+-------------------------------------------
     0 | D:1      | sizableburger the Mummy Ice Elementalist began the quest
                  | for the Orb.
     0 | D:1      | Reached XP level 1. HP: 13/13 MP: 4/4
   264 | D:1      | Reached skill level 1 in Fighting
   294 | D:1      | Found a faded altar of an unknown god.
   309 | D:1      | Reached XP level 2. HP: 19/21 MP: 3/5
  1011 | D:2      | Gained mutation: You are in touch with the powers of death.
                  | [Mummy growth]
  1011 | D:2      | Reached XP level 3. HP: 26/27 MP: 4/7
  1015 | D:2      | Learned a level 3 spell: Frozen Ramparts
  1019 | D:2      | Learned a level 3 spell: Ozocubu's Armour
  2002 | D:2      | Reached skill level 1 in Short Blades
  2002 | D:2      | Reached XP level 4. HP: 23/33 MP: 2/8
  2276 | D:3      | Reached XP level 5. HP: 21/38 MP: 0/9
  3080 | D:3      | Found Napoygre's Jewellery Shoppe.
  3091 | D:3      | Reached XP level 6. HP: 34/44 MP: 6/10
  3544 | D:4      | Found a staircase to the Ecumenical Temple.
  3550 | Temple   | Entered the Ecumenical Temple
  3776 | Temple   | Became a worshipper of Fedhas Madash
  3872 | D:4      | Noticed a water moccasin
  3892 | D:4      | Killed a water moccasin
  3893 | D:4      | Reached skill level 5 in Ice Magic
  4710 | D:5      | Entered Level 5 of the Dungeon
  4738 | D:5      | Found the +4 dagger "Morg" {pain, Will+ Int+5}
  4778 | D:5      | Reached skill level 3 in Spellcasting
  4778 | D:5      | Reached skill level 1 in Invocations
  4891 | D:5      | Learned a level 4 spell: Hailstorm
  4894 | D:5      | Noticed an ice beast
  5022 | D:5      | Killed an ice beast
  5023 | D:5      | Reached skill level 1 in Conjurations
  5023 | D:5      | Reached XP level 7. HP: 37/50 MP: 10/12
  5430 | D:5      | Reached skill level 4 in Spellcasting
  5845 | D:5      | Identified a scroll of acquirement
  5848 | D:5      | Acquired the +8 Vampire's Tooth {vamp}
  5848 | D:5      | Found the +8 Vampire's Tooth {vamp}
  6435 | D:5      | Reached skill level 5 in Spellcasting
  6435 | D:5      | Reached XP level 8. HP: 48/56 MP: 15/15
  6443 | D:5      | Reached * piety under Fedhas
  6808 | D:6      | Reached skill level 1 in Necromancy
  7126 | D:6      | Learned a level 5 spell: Lightning Bolt
  7241 | D:6      | Reached skill level 1 in Air Magic
  7777 | D:7      | Found a flagged portal.
  7817 | Bailey   | Entered a bailey
  7841 | Bailey   | Reached XP level 9. HP: 32/61 MP: 10/17
  7850 | Bailey   | Reached ** piety under Fedhas
  7851 | Bailey   | Reached skill level 5 in Short Blades
  8236 | Bailey   | Reached skill level 6 in Spellcasting
  8385 | Bailey   | Noticed Prince Ribbit
  8392 | Bailey   | Learned a level 4 spell: Animate Dead
  8394 | Bailey   | Noticed a vault guard
  8404 | Bailey   | Killed Prince Ribbit
  8411 | Bailey   | Reached skill level 7 in Spellcasting
  8438 | Bailey   | Killed a vault guard
  8439 | Bailey   | Reached XP level 10. HP: 30/67 MP: 3/20
  8494 | Bailey   | Noticed a vault guard
  8509 | Bailey   | Killed by an exploding bullfrog zombie... ignited by their
                  | inner flame

Illustrated notes

Levels and vault maps discovered:
D:1:      heliophobic_arrival_henge, layout_basic,
          dreamdust_ecumenical_altar_statues, minmay_tree_intersection
D:2:      layout_basic, grunt_ministairs_15
D:3:      layout_rooms, serial_shops, shop
D:4:      layout_layer_cave, temple_green
D:5:      layout_cave_pods, dilly_guarded_unrand_morg
D:6:      layout_rooms, hellmonk_bongcloud_opening, minmay_misc_feat_roman
D:7:      layout_basic, lightli_bailey_entry_fortress, gammafunk_ghost_cemetery,
          uniq_duvessa, uniq_crazy_yiuf_cottage, uniq_pikel
Temple:   nicolae_temple_figure_eight
Bailey:   bailey_axe_froggy_fort_hellmonk, bailey

Skill      XL: |  1  2  3  4  5  6  7  8  9 |
---------------+----------------------------+-----
Fighting       | 1 2 |  2.0
Short Blades   | 1 2 3 4 6 |  6.6
Ice Magic      | 4 5 |  5.0
Spellcasting   | 3 5 7 |  7.0
Invocations    | 1 3 |  3.1
Conjurations   | 1 2 3 |  3.1
Dodging        | 3 |  3.6
Necromancy     | 2 |  2.8
Air Magic      | 2 4 |  4.8
Stealth        | |  1.5

Action                   |  1- 3 |  4- 6 |  7- 9 | 10-12 || total
-------------------------+-------+-------+-------+-------++-------
Melee: Dagger            |    27 |   101 |    12 |       ||   140
       Short sword       |       |    26 |    48 |       ||    74
       Quick blade       |       |       |   225 |     5 ||   230
       Punch             |       |       |     4 |       ||     4
 Cast: Freeze            |    52 |     8 |    11 |     3 ||    74
       Frozen Ramparts   |     1 |    10 |    11 |     1 ||    23
       Ozocubu's Armour  |       |     5 |    13 |       ||    18
       Hailstorm         |       |       |     2 |       ||     2
       Animate Dead      |       |       |     1 |     1 ||     2
Evoke: Wand              |       |       |     3 |     1 ||     4
  Use: Scroll            |       |       |     9 |     3 ||    12
 Stab: Sleeping          |       |     3 |       |       ||     3
       Distracted        |       |     1 |       |       ||     1
Armor: Robe              |    16 |    16 |    46 |     1 ||    79
Dodge: Dodged            |    48 |    68 |   104 |     6 ||   226
